 Dungeon Crawl Stone Soup version 0.21-a0-621-gc60411f (webtiles) character file.

20 Amnesiac the Insei (level 2, 0/19 HPs)
             Began as an Octopode Transmuter on Dec 23, 2017.
             Slain by a jackal (2 damage)
             ... on level 1 of the Dungeon.
             The game lasted 00:00:22 (526 turns).

Amnesiac the Insei (Octopode Transmuter)             Turns: 526, Time: 00:00:23

Health: 0/19       AC:  1    Str:  9    XL:     2   Next: 79%
Magic:  5/5        EV: 13    Int: 15    God:
Gold:   23         SH:  0    Dex: 12    Spells: 2/5 levels left

rFire    . . .     SeeInvis .     - Unarmed
rCold    . . .     Gourm    .   (no shield)
rNeg     . . .     Faith    .   (helmet restricted)
rPois    .         Spirit   .   (no amulet)
rElec    .         Reflect  .   (no ring)
rCorr    .         Harm     .   (no ring)
MR       .....                  (no ring)
Stlth    ++........             (no ring)
HPRegen  0.06/turn              (no ring)
MPRegen  0.09/turn              (no ring)
                                (no ring)
                                (no ring)

@: no status effects
A: almost no armour, stealthy swim, amphibious, 8 rings, constrict 8, camouflage
1, gelatinous body 1
a: no special abilities


You were on level 1 of the Dungeon.
You were not hungry.

You visited 1 branch of the dungeon, and saw 1 of its levels.

You collected 23 gold pieces.

Inventory:

Missiles
 a - 12 arrows
Jewellery
 h - a cursed ring of loudness {unknown}
Scrolls
 g - a scroll of fog {!r, unknown}
 i - a scroll of remove curse {!r, unknown}
Potions
 d - a potion of mutation {!q, unknown}
 e - a potion of curing {!q, unknown}
Books
 b - a book of Changes

   Spells                             Type                      Level
   a - Beastly Appendage              Transmutation                1
   b - Sticks to Snakes               Transmutation                2
   c - Spider Form                    Transmutation/Poison         3
   d - Ice Form                       Ice/Transmutation            4
   e - Blade Hands                    Transmutation                5
Comestibles
 c - 5 rations
 f - a chunk of flesh


   Skills:
 - Level 2.0 Fighting
 - Level 2.0 Dodging
 - Level 3.0 Unarmed Combat
 - Level 2.0 Spellcasting
 + Level 2.6 Transmutations


You had 2 spell levels left.
You knew the following spells:

 Your Spells              Type           Power        Failure   Level  Hunger
a - Beastly Appendage     Tmut           #.....       8%          1    #......
b - Sticks to Snakes      Tmut           #.......     11%         2    ###....


Dungeon Overview and Level Annotations

Branches:
Dungeon (1/15)

Altars:


Innate Abilities, Weirdness & Mutations

You cannot wear most types of armour.
You are very stealthy in the water. (Stealth+)
You are amphibious.
You can wear up to eight rings at the same time.
You can use your tentacles to constrict eight enemies at once.
Your skin changes colour to match your surroundings (Stealth+).
Your rubbery body absorbs attacks. (AC +1, EV +1)


Message History

The goblin hits you but does no damage.
There are monsters nearby!
You barely miss the goblin.
The jackal barks! x2
You grab the goblin. You constrict the goblin. The goblin barely misses you.
A giant cockroach comes into view.
There are monsters nearby!
You tentacle-slap the goblin.
You kill the goblin!
Training target 2.0 for Fighting reached!
Your Fighting skill increases to level 2!
The jackal stops to sniff the ground.
The giant cockroach closely misses you. The kobold misses you.
The jackal bites you but does no damage.
There are monsters nearby!
You tentacle-slap the giant cockroach.
The giant cockroach is moderately wounded.
The giant cockroach bites you.
The jackal bites you but does no damage.
The kobold barely misses you. The kobold hits you but does no damage.
The giant cockroach waves its antennae.
The giant cockroach barely misses you. The jackal closely misses you.
The kobold throws a stone.
The stone completely misses you. The jackal barely misses you.
The giant cockroach waves its antennae.
The giant cockroach barely misses you. The jackal barely misses you.
The jackal bites you but does no damage.
The giant cockroach closely misses you.
You closely miss the giant cockroach.
The giant cockroach is moderately wounded.
The jackal misses you.
The jackal bites you but does no damage.
The giant cockroach bites you.
You barely miss the giant cockroach. You grab the giant cockroach.
The giant cockroach is moderately wounded.
You constrict the giant cockroach. The jackal closely misses you. x2
The giant cockroach barely misses you. The jackal misses you.
You tentacle-slap the giant cockroach but do no damage.
The giant cockroach is heavily wounded.
You constrict the giant cockroach, but do no damage.
The jackal barely misses you. The jackal bites you.
The giant cockroach bites you. The jackal bites you. The jackal misses you.
You barely miss the giant cockroach.
The giant cockroach is heavily wounded.
You constrict the giant cockroach. The jackal bites you.
* * * LOW HITPOINT WARNING * * *
The jackal misses you. The giant cockroach bites you.
* * * LOW HITPOINT WARNING * * *
The jackal closely misses you.
You release your grip on the giant cockroach.
The jackal bites you.
* * * LOW HITPOINT WARNING * * *
The jackal bites you.
* * * LOW HITPOINT WARNING * * *
The kobold throws a stone.
The stone hits you.
* * * LOW HITPOINT WARNING * * *
You see here a stone.
The kobold throws a stone.
The stone completely misses you.
You see here a stone.
The jackal closely misses you. x2
The jackal bites you.
You die...

#..........#............#.
#..........#............#)
#..........#............##
#..........#............##
#.........................
####...####.####.........#
#.......##...#..........#
#.......####............#
#.>(....@...............#
#.....hh##########)######
#.....Ks# #.#####.
#####.....hs# #.+.....
#...........# #.#####.
#...........# #.....##
#...........# #####..#
#........#### ##.#
#........# #.#


You could see 3 jackals, 2 giant cockroaches and a kobold.

Vanquished Creatures
  2 dart slugs (D:1)
  3 bats (D:1)
  2 hobgoblins (D:1)
  3 goblins (D:1)
  3 kobolds (D:1)
  4 rats (D:1)
17 creatures vanquished.

Notes
Turn   | Place    | Note
-------+----------+-------------------------------------------
     0 | D:1      | Amnesiac the Octopode Transmuter began the quest for the Orb.
     0 | D:1      | Reached XP level 1. HP: 13/13 MP: 3/3
    87 | D:1      | Reached XP level 2. HP: 6/18 MP: 5/5
    91 | D:1      | Learned a level 2 spell: Sticks to Snakes
   526 | D:1      | Slain by a jackal

Vault maps used:
D:1:      mrwooster_arrival_arrow

Skill      XL: |  1  2 |
---------------+-------+-----
Fighting       | 2 |  2.0
Dodging        | |  2.0
Unarmed Combat | |  3.0
Spellcasting   | |  2.0
Transmutations | |  2.6

Action                   || total
-------------------------++-------
Melee: Unarmed           ||    37
       Constrict         ||    13
       Tentacles         ||     5
 Stab: Sleeping          ||     3
Armor: Skin              ||     6
Dodge: Dodged            ||    39

Table legend:
 A = Spawn XP
 B = Non-spawn XP
 C = Spawn XP percentage of total XP
 D = Spawn monster count
 E = Non-spawn monster count
 F = Spawn count percentage of total count
 G = Total turns spent on level
                    A         B        C        D         E        F      G
               +---------+---------+-------+---------+---------+-------+---------
         Total |       0 |      29 |   0.0 |       0 |      17 |   0.0 |   526
               +---------+---------+-------+---------+---------+-------+---------
           D:1 |       0 |      29 |   0.0 |       0 |      17 |   0.0 |   526
               +---------+---------+-------+---------+---------+-------+---------
